Map: Dusk Towers

Players

Varest

  • Race: Terran Terran

A.I. 1 (Very Easy) - Winner!

  • Race: Zerg Zerg

VOD

Have the link to the VOD?

Description

Time

  • Played on: Dec. 8, 2015, 3:41 p.m.
  • Length: 10:01
Show
View Real Time Build Order
Export as new Build Order

Varest Terran 

Build Orders: Reaper Expand, MMM Bio 

Get SALT Encoding   

  12  0:01  SCV  
  13  0:13  SCV  
  14  0:19  Supply Depot  
  14  0:25  SCV  
  15  0:41  SCV  
  16  0:46  Barracks  
  16  0:50  Refinery  
  16  0:53  SCV  
  17  1:05  SCV  
  18  1:17  SCV  
  19  1:34  Reaper  
  19  1:35  Orbital Command  
  20  1:43  Command Center  
  20  1:49  Refinery  
  20  1:55  Supply Depot  
  20  2:01  SCV  
  21  2:06  Marine  
  22  2:13  SCV  
  23  2:20  Factory  
  23  2:25  Barracks Reactor, SCV  
  24  2:37  SCV  
  25  2:49  SCV  
  26  2:55  Orbital Command  
  26  3:01  SCV, Marine x2  
  26  3:03  Factory Tech Lab  
  26  3:05  Starport  
  29  3:13  SCV  
  29  3:19  Marine x2  
  32  3:20  SCV  
  32  3:24  Siege Tank  
  32  3:25  SCV  
  37  3:33  SCV  
  38  3:36  Marine  
  38  3:37  Marine  
  38  3:38  SCV, Supply Depot  
  41  3:42  Starport Tech Lab  
  41  3:45  SCV  
  42  3:50  SCV  
  42  3:54  Marine x2  
  45  3:57  SCV, Supply Depot  
  45  4:00  Siege Tank  
  45  4:01  Banshee  
  45  4:02  SCV  
  53  4:09  SCV  
  54  4:13  Cloaking Field  
  54  4:18  Supply Depot  
  54  4:19  SCV, Marine x2  
  54  4:21  SCV, Refinery  
  54  4:23  Refinery  
  58  4:31  SCV  
  58  4:33  SCV  
  58  4:35  Supply Depot  
  58  4:37  Marine x2  
  62  4:40  Siege Tank  
  62  4:43  SCV  
  62  4:45  SCV  
  67  4:47  Supply Depot  
  67  4:51  Banshee  
  70  4:56  SCV, Marine x2  
  70  4:57  SCV  
  74  5:02  Engineering Bay  
  74  5:08  SCV  
  75  5:28  Liberator  
  75  5:29  Liberator  
  75  5:30  Command Center  
  75  5:32  Barracks x2  
  75  5:33  Stimpack  
  75  5:44  Supply Depot  
  75  5:45  Supply Depot  
  75  5:48  Marine  
  82  5:55  Terran Infantry Weapons Level 1  
  82  6:01  Supply Depot  
  82  6:05  Marine  
  82  6:10  Barracks x2  
  83  6:22  Barracks Reactor  
  83  6:23  Marine  
  84  6:28  Medivac  
  84  6:29  Medivac  
  88  6:39  Combat Shields  
  88  6:41  Liberator  
  88  6:42  Barracks, Liberator  
  88  6:44  Barracks  
  88  6:45  Marine x2  
  90  6:55  SCV x2  
  90  6:58  Barracks Reactor x2  
  90  6:59  Marine x2  
  100  7:03  Orbital Command, Marine x2  
  100  7:07  SCV x2  
  104  7:17  Marine x2  
  104  7:21  Marauder  
  104  7:22  Marauder  
  110  7:23  SCV x2  
  112  7:31  Supply Depot  
  112  7:32  SCV  
  112  7:33  Supply Depot, Concussive Shells  
  112  7:35  SCV x2, Marine x2  
  117  7:39  Engineering Bay  
  117  7:41  Armory, Medivac, Marine x2  
  117  7:42  Medivac  
  117  7:44  SCV  
  124  7:45  Marine  
  125  7:51  Terran Infantry Armor Level 1  
  125  7:53  SCV x2, Marine  
  125  7:54  Marine x2  
  125  7:55  Supply Depot  
  125  7:56  SCV, Supply Depot  
  132  7:59  Liberator x2  
  132  8:00  Marauder x2  
  132  8:01  Marine x2  
  132  8:05  SCV x2, Marine  
  141  8:13  Supply Depot  
  141  8:15  Supply Depot  
  141  8:16  Marine x2  
  148  8:21  Marauder  
  148  8:22  SCV, Marauder  
  148  8:25  Marine x4  
  157  8:35  Marine x2  
  159  8:42  Marine  
  159  8:43  Supply Depot, Marauder x2, Marine x3  
  159  8:44  Supply Depot  
  159  8:47  Liberator  
  167  8:53  Marine x2  
  169  8:59  Medivac  
  169  9:00  Marine x2  
  169  9:01  Supply Depot  
  173  9:04  Marine x2  
  173  9:07  Marauder x2  
  182  9:11  Marine x2  
  182  9:13  Supply Depot  
  184  9:18  Marine x2  
  184  9:22  Marine x2  
  188  9:28  Marauder  
  188  9:29  Marine x2, Medivac, Marauder  
  196  9:36  Marine x2  
  198  9:40  Marine x2  
Show
View Real Time Build Order
Export as new Build Order

A.I. 1 (Very Easy) Zerg - Winner!

Build Orders: Hatch First 

Get SALT Encoding   

  12  0:01  Drone  
  13  0:12  Overlord  
  13  0:17  Drone  
  14  0:42  Hatchery  
  13  0:45  Drone  
  14  1:04  Spawning Pool  
  13  1:05  Extractor  
  13  1:07  Drone  
  13  1:14  Drone  
  14  1:20  Overlord  
  14  1:51  Queen, Zergling x2  
  14  1:53  Zergling x2  
  18  1:58  Roach Warren  
  17  2:04  Drone  
  18  2:08  Extractor  
  18  2:12  Drone  
  18  2:17  Zergling x2  
  18  2:20  Drone  
  20  2:27  Drone  
  21  2:34  Drone  
  22  2:41  Drone  
  23  2:49  Drone  
  24  2:56  Drone  
  24  2:57  Lair  
  25  3:03  Drone  
  26  3:27  Drone  
  27  3:35  Drone  
  27  3:37  Overlord  
  28  3:42  Drone  
  29  3:49  Drone  
  30  3:56  Drone, Spire  
  30  4:02  Overseer  
  30  4:04  Drone  
  31  4:11  Drone, Overseer  
  32  4:18  Drone  
  32  4:19  Overlord  
  32  4:20  Extractor  
  32  4:25  Drone  
  33  4:32  Drone  
  34  4:40  Drone  
  35  4:47  Drone, Extractor  
  35  4:54  Drone  
  36  5:01  Drone  
  37  5:08  Drone, Mutalisk  
  40  5:15  Drone  
  41  5:23  Drone  
  42  5:30  Drone  
  42  5:31  Overlord  
  43  5:37  Drone  
  44  5:44  Drone  
  44  5:49  Mutalisk  
  45  5:52  Drone  
  48  5:59  Drone  
Tags
 
Add a new tag
Caveats
  • Supply blocks, unpowered buildings, or Contaminate may cause inaccurate times.
  • Supply counts are checked every 10 seconds.